 Dungeon Crawl Stone Soup version 0.27-a0-760-gc38aae387d (webtiles) character file.

Game seed: 17506181362262651943

8998 sleeves the Covert (level 11, -20/53 HPs)
             Began as a Spriggan Ice Elementalist on Mar 24, 2021.
             Was an Initiate of Gozag.
             Succumbed to a minotaur's poison
             ... in a Gauntlet.
             The game lasted 00:50:06 (15284 turns).

sleeves the Covert (Spriggan Ice Elementalist)     Turns: 15284, Time: 00:50:07

Health: -20/53     AC: 11    Str:  4    XL:     11   Next: 17%
Magic:  2/16       EV: 35    Int: 20    God:    Gozag
Gold:   1496       SH:  0    Dex: 16    Spells: 2/15 levels left

rFire    . . .     SeeInvis +   a - staff of cold
rCold    + . .     Faith    .   (shield currently unavailable)
rNeg     . . .     Spirit   .   j - +2 robe {Archmagi}
rPois    .         Reflect  .   O - +2 hat
rElec    .         Harm     .   E - +0 cloak
rCorr    .         Rampage  .   (gloves unavailable)
Will     ++...     NoTele   +   (boots unavailable)
Stlth    +++++.....             w - amulet of the acrobat
HPRegen  0.17/turn              c - +4 ring of protection
MPRegen  0.15/turn              K - ring of willpower

@: lethally poisoned (-20 -> -67), acrobatic, very quick
A: very small, no large weapons, unfitting armour, see invisible, speed 3
a: Renounce Religion, Potion Petition, Call Merchant, Bribe Branch


You were in a Gauntlet.
You worshipped Gozag.
Gozag was most pleased with you.
You visited 1 branch of the dungeon, and saw 11 of its levels.
You also visited: Bailey and Gauntlet.

You collected 1593 gold pieces.
You spent 20 gold pieces at shops.
You paid 77 gold pieces to Gozag.

Inventory:

Hand Weapons
 b - a +1 vampiric dagger
   (You took it off an orc wizard on level 3 of the Dungeon)
 C - a +0 scimitar
   (You took it off a wight on level 8 of the Dungeon)
 J - a +2 falchion of freezing
   (You took it off a wight on level 10 of the Dungeon)
 M - a +1 rapier of venom
   (You found it in a Gauntlet)
Armour
 j - a +2 robe of the Archmagi (worn)
   (You found it on level 1 of the Dungeon)
 E - a +0 cloak (worn)
   (You found it on level 10 of the Dungeon)
 G - a +0 buckler
   (You took it off a gnoll sergeant on level 9 of the Dungeon)
 N - the +0 pair of fencer's gloves {Riposte Dex+3}
   (You found it in a Gauntlet)

   It affects your dexterity (+3).
 O - a +2 hat (worn)
   (You found it in a Gauntlet)
Magical Staves
 a - a staff of cold (weapon)
   (You found it on level 4 of the Dungeon)
Jewellery
 c - a +4 ring of protection (right hand)
   (You found it on level 3 of the Dungeon)
 w - an amulet of the acrobat (around neck)
   (You found it on level 7 of the Dungeon)
 y - a ring of resist corrosion
   (You found it on level 7 of the Dungeon)
 B - an amulet of reflection
   (You found it on level 8 of the Dungeon)
 I - a ring of protection from cold
   (You found it on level 10 of the Dungeon)
 K - a ring of willpower (left hand)
   (You found it on level 11 of the Dungeon)
Wands
 r - a wand of random effects (8)
   (You found it on level 3 of the Dungeon)
 D - a wand of flame (7)
   (You took it off an orc wizard on level 8 of the Dungeon)
 F - a wand of charming (3)
   (You found it on level 8 of the Dungeon)
 H - a wand of iceblast (8)
   (You found it on level 10 of the Dungeon)
Scrolls
 d - 2 scrolls of enchant armour {unknown}
 f - 4 scrolls of magic mapping
 h - 4 scrolls of teleportation
 l - a scroll of immolation {unknown}
 n - 4 scrolls of enchant weapon
 p - 2 scrolls of blinking
 q - a scroll of silence {unknown}
 s - 4 scrolls of amnesia
 u - a scroll of random uselessness {unknown}
 v - a scroll of holy word {unknown}
Potions
 e - 4 potions of heal wounds
 g - a potion of mutation {unknown}
 i - 3 potions of lignification
 k - a potion of degeneration {unknown}
 m - a potion of invisibility
 o - 2 potions of brilliance
 t - 2 potions of curing
 x - a potion of resistance {unknown}
 z - a potion of flight {unknown}
 A - 3 potions of attraction {unknown}
 L - a potion of cancellation {unknown}


   Skills:
 - Level 3.6 Fighting
 - Level 0.4(3.0) Short Blades
 - Level 3.7 Long Blades
 - Level 6.8 Dodging
 - Level 12.2 Stealth
 + Level 4.5 Shields
 - Level 2.6 Spellcasting
 + Level 10.4 Ice Magic


You had 2 spell levels left.
You knew the following spells:

 Your Spells              Type           Power      Damage    Failure   Level
a - Freeze                Ice            100%       1d11      1%          1
b - Frozen Ramparts       Ice            100%       1d12      1%          3
c - Ozocubu's Armour      Ice            79%        N/A       1%          3
d - Ensorcelled Hibernat  Hex/Ice        100%       N/A       2%          2
e - Summon Ice Beast      Ice/Summ       52%        N/A       17%         4

Your spell library contained the following spells:

 Spells                   Type           Power      Damage    Failure   Level
 Animate Skeleton         Necr           8%         N/A       14%         1
 Apportation              Tloc           8%         N/A       14%         1
 Corona                   Hex            4%         N/A       14%         1
 Summon Small Mammal      Summ           16%        N/A       14%         1
 Hailstorm                Conj/Ice       52%        3d12      17%         4
 Confusing Touch          Hex            4%         N/A       41%         3
 Dazzling Flash           Conj/Hex       8%         N/A       41%         3
 Gell's Gravitas          Tloc           2%         N/A       41%         3
 Tukima's Dance           Hex            4%         N/A       41%         3
 Metabolic Englaciation   Hex/Ice        26%        N/A       43%         5
 Petrify                  Tmut/Erth      4%         N/A       82%         4
 Yara's Violent Unravell  Hex/Tmut       2%         3d3       99%         5


Dungeon Overview and Level Annotations

Branches:
Dungeon (11/15)            Temple (0/1) D:6            Lair (0/6) D:11
    Orc (0/2) D:9          Bailey (visited)         Gauntlet (1/1)

Altars:
Gozag
Kikubaaqudgha
Nemelex Xobeh
Okawaru
Ru
Trog
Wu Jian

Shops:
D:2 *?(   D:5 *   D:9 ?(

Annotations:
D:3 2 transporters, rageheart7's ghost, amateur DjMo
D:5 3 runed translucent doors, Maimakterion's ghost, novice DsFi
D:6 exclusion: downstairs, Grinder
D:8 Gastronok Gauntlet 4 transporters


Innate Abilities, Weirdness & Mutations

You are very small and have problems with some larger weapons.
You are too small for most types of armour.
You have supernaturally acute eyesight. (SInv)
You cover ground extremely quickly. (Speed+++)


Message History

The walls around you are covered in ice.
The orc warrior shouts!
The orc shouts!
* * * LOW MAGIC WARNING * * *
The wall freezes the orc warrior!
The orc warrior is no longer distracted by gold.
The orc warrior completely misses you.
The orc becomes distracted by the nearby gold, dreaming of imaginary riches.
The wall freezes the orc warrior!
You kill the orc warrior!
The orc is no longer distracted by gold.
The orc becomes distracted by the nearby gold, dreaming of imaginary riches.
The wall freezes the orc warrior!
You are too injured to fight recklessly!
You are too injured to fight recklessly!
Casting: Frozen Ramparts (safe; 1% risk of failure)
Confirm with . or Enter, or press ? or * to list all spells.
Aiming: Freeze (safe; 1% risk of failure)
Press: ? - help, Shift-Dir - straight line, f - orc warrior
Aim: an orc warrior, wielding a +0 flail and wearing a +0 plate armour (moderately wounded)
You feel a strong surge of power!
You freeze the orc warrior!
The orc warrior is severely wounded.
The orc shouts! x2
* * * LOW MAGIC WARNING * * *
The orc is no longer distracted by gold. x2
The wall freezes the orc!
You kill the orc!
The wall freezes the orc warrior!
The orc warrior barely misses you.
The wall freezes the orc!
You kill the orc!
The wall freezes the orc warrior!
You kill the orc warrior!
The wall freezes the orc!
You kill the orc!
The wall freezes the orc.
The frozen ramparts melt away.
The orc misses you.
Your icy armour will break if you move.
Continue?
Your icy armour cracks and falls away as you move.
There is an escape hatch in the ceiling here.
Casting: Freeze (safe; 1% risk of failure)
Confirm with . or Enter, or press ? or * to list all spells.
Casting: Frozen Ramparts (safe; 1% risk of failure)
Press: ? - help, Dir - look around, f - activate An escape hatch in the ceiling.
You feel a strong surge of power!
The walls around you are covered in ice.
* * * LOW MAGIC WARNING * * *
The wall freezes the orc.
You kill the orc!
The wall freezes the orc.
The wall freezes the orc.
You kill the orc!
The wall freezes the orc!
You kill the orc!
The orc warrior becomes distracted by the nearby gold, dreaming of imaginary riches.
Unknown command.
The orc warrior is no longer distracted by gold.
The wall freezes the orc warrior!
The wall freezes the orc warrior!
The wall freezes the orc!
You kill the orc!
The wall freezes the orc warrior!
You kill the orc warrior!
The wall freezes the orc!
You kill the orc!
The wall freezes the orc.
The wall freezes the orc!
You kill the orc!
The wall freezes the orc!
You kill the orc!
The frozen ramparts melt away.
The orc becomes distracted by the nearby gold, dreaming of imaginary riches.
The orc closely misses you.
The orc shouts!
The orc misses you.
You are too injured to fight recklessly!
You are too injured to fight recklessly!
You are too injured to fight recklessly!
You are too injured to fight recklessly!
The orc becomes distracted by the nearby gold, dreaming of imaginary riches.
The orc is no longer distracted by gold.
Casting: Frozen Ramparts (safe; 1% risk of failure)
Confirm with . or Enter, or press ? or * to list all spells.
Casting: Frozen Ramparts (safe; 1% risk of failure)
Press: ? - help, Dir - look around, f - activate An escape hatch in the ceiling.
You feel a strong surge of power!
The walls around you are covered in ice.
* * * LOW MAGIC WARNING * * *
The orc is no longer distracted by gold.
The wall freezes the orc.
The orc barely misses you. The orc hits you but does no damage.
The wall freezes the orc priest!
The wall freezes the orc!
You kill the orc!
The orc misses you. The orc completely misses you.
The wall freezes the orc priest!
You kill the orc priest!
The wall freezes the orc.
The orc hits you but does no damage.
The orc becomes distracted by the nearby gold, dreaming of imaginary riches.
The orc shouts!
Your Shields skill increases to level 2!
The orc is no longer distracted by gold.
The wall freezes the orc.
You kill the orc!
The wall freezes the orc.
The orc closely misses you. The orc completely misses you.
The wall freezes the orc.
The orc closely misses you. The orc misses you.
The wall freezes the orc. x2
You kill the orc!
The orc becomes distracted by the nearby gold, dreaming of imaginary riches.
The orc barely misses you.
The orc shouts!
The wall freezes the orc.
You kill the orc!
The wall freezes the orc!
You kill the orc!
The orc closely misses you.
C - a +0 scimitar (weapon)
You are too injured to fight recklessly!
You are too injured to fight recklessly!
You are too injured to fight recklessly!
You closely miss the orc.
The orc is no longer distracted by gold.
The orc misses you.
You riposte.
You hit the orc but do no damage. The orc barely misses you.
You riposte.
You completely miss the orc. You closely miss the orc.
The frozen ramparts melt away.
The orc misses you. x2
You riposte.
You slash the orc!
You kill the orc!
The orc misses you.
You hit the orc.
The orc is severely wounded.
You block the orc's attack.
You hit the orc.
You kill the orc!
a - a staff of cold (weapon)
An orc is nearby!
An orc is nearby!
An orc is nearby!
Items here: $ ))) [[.
Items here: $ ( )))))) [[.
The orc hits you but does no damage.
Items here: $ )))))))) [[[[[[.
You hit the orc.
The orc is heavily wounded.
The orc completely misses you.
You hit the orc but do no damage.
The orc is heavily wounded.
The orc hits you with a +0 short sword.
You closely miss the orc.
The orc is heavily wounded.
The orc closely misses you. x2
You closely miss the orc.
The orc is heavily wounded.
The orc barely misses you.
You hit the orc.
You kill the orc!
No target in view!
HP restored.
You now have 1128 gold pieces (gained 51).
Items here: )))))))) [[[[[[.
You now have 1175 gold pieces (gained 47).
Items here: ( )))))) [[.
You now have 1187 gold pieces (gained 12).
Items here: ))) [[.
You now have 1193 gold pieces (gained 6).
You see here a +0 hand axe.
You can't see any susceptible monsters within range! (Use Z to cast anyway.) Unknown command.
You now have 1201 gold pieces (gained 8).
Things that are here:
a +0 club; a +0 leather armour
Items here: ))) [[.
Items here: ( )))))) [[.
Items here: )))))))) [[[[[[.
You now have 1212 gold pieces (gained 11).
Things that are here:
a +0 short sword; a +0 leather armour; a +0 dagger You now have 1251 gold pieces (gained 39).
Items here: ))))) [[.
Found a stone staircase leading down.
Found a bloodstained altar of Trog.
H - a wand of iceblast (8)
Found a ring mail.
I - a ring of protection from cold A centaur comes into view.
Found a stone staircase leading up.
A two-headed ogre comes into view.
It is wielding two +0 giant spiked clubs.
You feel a sense of dread.
b - a +1 vampiric dagger (weapon)
The helpless two-headed ogre fails to defend itself.
You perforate the two-headed ogre like a sieve!!!
You kill the two-headed ogre!
There is a fountain of clear blue water here.
The centaur shouts!
The centaur completely misses you. The centaur closely misses you.
There is a fountain of clear blue water here.
You feel a surge of power!
You freeze the centaur.
The centaur is lightly wounded.
The centaur closely misses you. The centaur misses you.
The centaur completely misses you. The centaur closely misses you.
You feel a surge of power!
You freeze the centaur.
The centaur is moderately wounded.
You block the centaur's attack. The centaur misses you.
You feel a surge of power!
You freeze the centaur.
The centaur is heavily wounded.
You block the centaur's attack. The centaur closely misses you.
The centaur misses you. The centaur barely misses you.
You feel a surge of power!
You freeze the centaur!
The centaur is almost dead.
The centaur closely misses you. The centaur completely misses you.
You feel a surge of power!
You freeze the centaur!
You kill the centaur!
Unknown command.
You can't see any susceptible monsters within range! (Use Z to cast anyway.)
You can't see any susceptible monsters within range! (Use Z to cast anyway.)
You can't see any susceptible monsters within range! (Use Z to cast anyway.)
You feel the dreadful sensation subside.
a - a staff of cold (weapon)
You can't see any susceptible monsters within range! (Use Z to cast anyway.)
You can't see any susceptible monsters within range! (Use Z to cast anyway.)
You can't see any susceptible monsters within range! (Use Z to cast anyway.)
You now have 1267 gold pieces (gained 16).
Things that are here:
a +0 shortbow; 16 arrows
There is a fountain of clear blue water here.
There is a fountain of clear blue water here.
You now have 1276 gold pieces (gained 9).
Things that are here:
a +0 giant spiked club; a +0 giant spiked club
Found a stone staircase leading down.
You now have 1288 gold pieces (gained 12).
A two-headed ogre comes into view. It is wielding two +0 giant clubs.
A two-headed ogre is nearby!
A two-headed ogre is nearby!
You feel a sense of dread.
b - a +1 vampiric dagger (weapon)
The helpless two-headed ogre fails to defend itself.
You skewer the two-headed ogre like a kebab!!!
You kill the two-headed ogre!
Your Shields skill increases to level 3!
Your Ice Magic skill increases to level 10!
You now have 1308 gold pieces (gained 20).
Things that are here:
a +0 giant club; a +0 giant club
Found a stone staircase leading down.
A two-headed ogre comes into view.
It is wielding a +0 dire flail and a +0 giant club.
A two-headed ogre is nearby!
The helpless two-headed ogre fails to defend itself.
You stick the two-headed ogre like a pincushion!!!
The two-headed ogre is almost dead.
The two-headed ogre completely misses you.
You block the two-headed ogre's attack.
You feel a surge of power!
You freeze the two-headed ogre!
You kill the two-headed ogre!
You now have 1324 gold pieces (gained 16).
Things that are here:
a +0 dire flail; a +0 giant club A wight comes into view.
It is wielding a +0 mace.
Found a chain mail.
A wight is nearby!
A wight is nearby!
You feel the dreadful sensation subside.
C - a +0 scimitar (weapon)
Casting: Freeze (safe; 1% risk of failure)
Confirm with . or Enter, or press ? or * to list all spells.
You feel a surge of power! A film of ice covers your body!
You barely miss the wight. The wight completely misses you.
You riposte.
You hit the wight but do no damage. You barely miss the wight.
The wight barely misses you.
You riposte.
You closely miss the wight. You slash the wight!
The wight is moderately damaged.
The wight misses you.
You riposte.
You hit the wight.
The wight is severely damaged.
The wight closely misses you.
You riposte.
You barely miss the wight.
The wight is severely damaged.
You barely miss the wight.
The wight is severely damaged.
The wight barely misses you.
You barely miss the wight.
The wight is severely damaged.
The wight barely misses you.
You slash the wight!
You destroy the wight!
No target in view!
No target in view!
Your icy armour cracks and falls away as you move.
A wight comes into view.
It is wielding a +2 falchion of freezing.
Things that are here:
6 gold pieces; a +0 mace; a +0 robe A wight is nearby!
A wight is nearby!
A wight is nearby!
Casting: Ozocubu's Armour (safe; 1% risk of failure)
Confirm with . or Enter, or press ? or * to list all spells.
You feel a surge of power! A film of ice covers your body!
You barely miss the wight. The wight closely misses you.
You riposte.
You closely miss the wight. You hit the wight but do no damage.
The wight misses you.
You hit the wight but do no damage. The wight barely misses you.
You slash the wight!
The wight is heavily damaged.
The wight misses you. The wight hits you but does no damage.
You barely miss the wight.
The wight is heavily damaged.
You block the wight's attack.
You barely miss the wight.
The wight is heavily damaged.
The wight misses you.
You barely miss the wight.
The wight is heavily damaged.
You block the wight's attack.
You barely miss the wight.
The wight is heavily damaged.
The wight misses you.
You hit the wight.
The wight is heavily damaged.
The wight misses you.
You riposte.
You slash the wight!
The wight is almost destroyed.
The wight completely misses you.
You riposte.
You barely miss the wight.
The wight is almost destroyed.
You hit the wight but do no damage.
The wight is almost destroyed.
The wight barely misses you.
You riposte.
You hit the wight.
You destroy the wight!
You have reached level 11!
Your icy armour cracks and falls away as you move.
You now have 1329 gold pieces (gained 5).
Things that are here:
a +2 falchion of freezing; a +0 robe
J - a +2 falchion of freezing Your +2 falchion of freezing glows with a cold blue light!
J - a +2 falchion of freezing (weapon)
Unknown command.
Drop what? 36/52 slots (_ for help) (? for menu, Esc to quit)
Okay, then.
You now have 1335 gold pieces (gained 6).
Things that are here:
a +0 mace; a +0 robe 2 wights come into view.
There are monsters nearby!
There are monsters nearby!
Your +2 falchion of freezing stops glowing.
You feel a sense of dread.
b - a +1 vampiric dagger (weapon)
The helpless wight fails to defend itself.
You perforate the wight like a sieve!!!
You destroy the wight!
The wight becomes distracted by the nearby gold, dreaming of imaginary riches.
You barely miss the wight.
The wight is no longer distracted by gold.
You feel the dreadful sensation subside.
a - a staff of cold (weapon)
The wight hits you with a +0 mace!
Okay, then.
Unknown command.
Casting: Ozocubu's Armour (safe; 1% risk of failure)
Confirm with . or Enter, or press ? or * to list all spells.
You feel a strong surge of power! A film of ice covers your body!
The wight hits you but does no damage.
C - a +0 scimitar (weapon)
You hit the wight.
The wight is moderately damaged.
The wight closely misses you. The wight barely misses you.
You closely miss the wight.
The wight is moderately damaged.
The wight hits you but does no damage.
You hit the wight but do no damage.
The wight is moderately damaged.
The wight barely misses you.
You riposte.
You hit the wight.
The wight is moderately damaged.
You closely miss the wight.
The wight is moderately damaged.
The wight hits you with a +0 mace.
You feel drained.
You hit the wight.
The wight is heavily damaged.
The wight misses you.
You barely miss the wight.
The wight is heavily damaged.
The wight hits you but does no damage.
The wight becomes distracted by the nearby gold, dreaming of imaginary riches.
You strike the helpless wight from behind!
You slash the wight!
You destroy the wight!
No target in view!
No target in view!
Okay, then.
a - a staff of cold (weapon)
Your icy armour starts to melt.
Your icy armour evaporates.
You now have 1343 gold pieces (gained 8).
Things that are here:
a +0 long sword; a +0 robe You now have 1351 gold pieces (gained 8).
Things that are here:
a +0 mace; a +0 robe An orc wizard comes into view.
It is wielding a +0 dagger.
An orc wizard is nearby!
An orc wizard comes into view. It is wielding a +0 dagger.
The orc wizard moves out of view.
An orc priest comes into view. It is wielding a +0 dagger.
The orc priest shouts!
You now have 1365 gold pieces (gained 14).
Found an escape hatch in the floor.
There is an escape hatch in the floor here.
The orc priest looks satisfied for a moment.
An orc priest is nearby!
An orc priest is nearby!
You feel a strong surge of power!
You freeze the orc priest!
The orc priest is heavily wounded.
The orc priest hits you but does no damage.
You feel a strong surge of power!
You freeze the orc priest!
You kill the orc priest!
You now have 1376 gold pieces (gained 11).
Things that are here:
a +0 dagger; a +0 leather armour
Found 16 arrows.
You see here 16 arrows.
A wraith is nearby!
The orc wizard shouts! x2
You feel a strong surge of power!
You freeze the orc wizard!
The orc wizard is heavily wounded.
You block the orc wizard's attack.
You feel a strong surge of power!
You freeze the orc wizard!
You kill the orc wizard!
You can't see any susceptible monsters within range! (Use Z to cast anyway.)
The orc wizard points at you and mumbles some strange words.
The puff of flame hits you.
Casting: Freeze (safe; 1% risk of failure)
Confirm with . or Enter, or press ? or * to list all spells.
Casting: Frozen Ramparts (safe; 1% risk of failure)
Press: ? - help, Dir - look around, f - activate You feel a strong surge of power!
The walls around you are covered in ice.
The wraith resists.
The wall freezes the wraith.
The wall freezes the orc wizard!
Casting: Frozen Ramparts (safe; 1% risk of failure)
Confirm with . or Enter, or press ? or * to list all spells.
You feel a strong surge of power! A film of ice covers your body!
The wraith resists.
The wall freezes the wraith.
You block the wraith's attack.
The wall freezes the orc wizard.
The orc wizard casts a spell at itself.
The orc wizard flickers and vanishes for a moment.
C - a +0 scimitar (weapon)
The wraith resists.
The wall freezes the wraith.
The wraith hits you! The wraith drains your vigour!
You feel yourself slow down.
You closely miss the wraith.
The wraith is moderately damaged.
The wall freezes the orc wizard.
The wraith resists.
The wall freezes the wraith.
You block the wraith's attack.
The wall freezes the orc wizard!
You kill the orc wizard!
Your Shields skill increases to level 4!
You hit the wraith.
The wraith is moderately damaged.
The wraith resists.
The wall freezes the wraith.
You block the wraith's attack.
The wraith resists.
The wall freezes the wraith.
You block the wraith's attack.
You hit the wraith but do no damage.
The wraith is severely damaged.
The wraith completely resists.
The wall freezes the wraith but does no damage.
The wraith completely misses you.
The wraith resists.
The wall freezes the wraith.
The wraith closely misses you.
You closely miss the wraith.
The wraith is severely damaged.
The wraith resists.
The wall freezes the wraith.
The wraith completely misses you.
The wraith resists.
The wall freezes the wraith.
You block the wraith's attack.
You hit the wraith but do no damage.
The wraith is severely damaged.
The frozen ramparts melt away.
The wraith hits you but does no damage. The wraith misses you.
You barely miss the wraith.
The wraith is severely damaged.
The wraith closely misses you. The wraith hits you but does no damage.
You hit the wraith but do no damage.
The wraith is severely damaged.
The wraith hits you!
You hit the wraith but do no damage.
The wraith is severely damaged.
You feel yourself speed up. The wraith closely misses you.
You riposte.
You hit the wraith.
The wraith is almost destroyed.
The wraith closely misses you.
You riposte.
You slash the wraith!
You destroy the wraith!
Your life force feels restored.
Your icy armour cracks and falls away as you move.
You now have 1382 gold pieces (gained 6).
You now have 1387 gold pieces (gained 5).
Things that are here:
a +0 dagger; a +0 robe You now have 1392 gold pieces (gained 5).
s - 4 scrolls of amnesia (gained 1)
Things that are here:
a +0 dagger; a +0 robe You start resting.
Magic restored.
You start resting.
HP restored.
There is a stone staircase leading up here.
Found a plate armour.
You see here a +0 plate armour.
Things that are here:
a +0 long sword; a +0 robe
Found a stone staircase leading up.
a - a staff of cold (weapon)
A howler monkey comes into view.
A howler monkey is nearby!
A howler monkey is nearby!
A howler monkey is nearby!
A howler monkey comes into view.
A howler monkey comes into view.
The howler monkey howls!
The howler monkey hoots and howls with incredible vigour!
The howler monkey howls!
You hit the howler monkey.
The howler monkey is lightly wounded.
The howler monkey misses you.
Casting: Ozocubu's Armour (safe; 1% risk of failure)
Confirm with . or Enter, or press ? or * to list all spells.
Casting: Frozen Ramparts (safe; 1% risk of failure)
Press: ? - help, Dir - look around, f - activate You feel a strong surge of power!
The walls around you are covered in ice.
The wall freezes the howler monkey.
The howler monkey hits you.
The wall freezes the howler monkey.
The wall freezes the howler monkey!
The wall freezes the howler monkey but does no damage.
The wall freezes the howler monkey.
The howler monkey misses you.
The wall freezes the howler monkey.
The howler monkey hoots and howls with incredible vigour!
You hit the howler monkey.
The howler monkey is heavily wounded.
The wall freezes the howler monkey!
The wall freezes the howler monkey.
The howler monkey hoots and howls with incredible vigour!
The wall freezes the howler monkey.
The howler monkey closely misses you.
You completely miss the howler monkey.
The howler monkey is severely wounded.
The wall freezes the howler monkey.
You kill the howler monkey!
The wall freezes the howler monkey!
You kill the howler monkey!
The wall freezes the howler monkey.
The howler monkey misses you.
You hit the howler monkey.
The howler monkey is almost dead.
The wall freezes the howler monkey!
You kill the howler monkey!
No target in view!
The frozen ramparts melt away.
Magic restored.
You now have 1396 gold pieces (gained 4).
You now have 1402 gold pieces (gained 6).
You now have 1408 gold pieces (gained 6).
Found a scimitar.
You see here a +0 scimitar.
You see here a +0 scimitar.
Done exploring.
Done exploring.
Done exploring.
Done exploring.
(D) Dungeon (T) Temple (O) Orcish Mines
Where to? (Enter - D:10, ? - help)
There is a stone staircase leading down here.
You climb downwards.
You hear a distant snort.
Hark!
There is a gateway to a gauntlet on this level.
Find the entrance quickly before the gate is sealed!
There is a stone staircase leading up here.
Found a ring mail.
A two-headed ogre comes into view.
It is wielding a +0 giant club and a +0 dire flail.
Found 20 gold pieces and a hunting sling.
There is a stone staircase leading up here.
Found a stone staircase leading down.
You open the door.
Found a pair of boots.
A troll comes into view.
Found a potion of curing.
There is an open door here.
A gargoyle comes into view. It is wielding a +0 mace.
The troll shouts!
Casting: Frozen Ramparts (safe; 1% risk of failure)
Confirm with . or Enter, or press ? or * to list all spells.
Casting: Frozen Ramparts (safe; 1% risk of failure)
Press: ? - help, Dir - look around, f - activate You feel a strong surge of power!
The walls around you are covered in ice.
Casting: Frozen Ramparts (safe; 1% risk of failure)
Confirm with . or Enter, or press ? or * to list all spells.
You feel a strong surge of power! A film of ice covers your body!
The wall freezes the troll.
The troll bites you but does no damage. The troll misses you.
You block the troll's attack.
Unknown command.
You feel a strong surge of power!
You freeze the troll!
The troll is moderately wounded.
The wall freezes the troll.
The troll misses you. You block the troll's attack.
The troll claws you but does no damage.
You feel a strong surge of power!
You freeze the troll.
The troll is moderately wounded.
The wall freezes the troll.
You block the troll's attack. The troll closely misses you.
The troll claws you!
You feel a strong surge of power!
You freeze the troll.
The troll is heavily wounded.
The wall freezes the troll!
The troll bites you but does no damage. The troll barely misses you.
The troll claws you but does no damage.
The wall freezes the gargoyle!
You feel a strong surge of power!
You freeze the troll!
You kill the troll!
The wall freezes the gargoyle!
The gargoyle completely misses you.
You feel a strong surge of power!
You freeze the gargoyle.
The gargoyle is severely damaged.
The wall freezes the gargoyle!
You destroy the gargoyle!
The frozen ramparts melt away.
You hear the beating of a distant drum.
A manticore comes into view.
A manticore is nearby!
A manticore is nearby!
Casting: Freeze (safe; 1% risk of failure)
Confirm with . or Enter, or press ? or * to list all spells.
Casting: Frozen Ramparts (safe; 1% risk of failure)
Press: ? - help, Dir - look around, f - activate You feel a strong surge of power!
The walls around you are covered in ice.
The wall freezes the manticore!
You feel a strong surge of power!
You freeze the manticore!
The manticore is moderately wounded.
The wall freezes the manticore!
The manticore bites you. You block the manticore's attack.
The manticore barely misses you.
You feel a strong surge of power!
You freeze the manticore.
The manticore is heavily wounded.
The wall freezes the manticore.
The manticore bites you! The manticore barely misses you.
The manticore claws you but does no damage.
You are too injured to fight recklessly!
You are too injured to fight recklessly!
Casting: Freeze (safe; 1% risk of failure)
Confirm with . or Enter, or press ? or * to list all spells.
Aiming: Freeze (safe; 1% risk of failure)
Press: ? - help, Shift-Dir - straight line, f/p - manticore
Aim: a manticore (severely wounded)
You feel a strong surge of power!
You freeze the manticore!
The manticore is almost dead.
Your icy armour starts to melt.
The wall freezes the manticore!
You kill the manticore!
Your icy armour evaporates.
The frozen ramparts melt away.
You hear the loud beating of a distant drum.
Magic restored.
You hear the loud beating of a distant drum.
HP restored.
You now have 1447 gold pieces (gained 39).
You now have 1454 gold pieces (gained 7).
You see here a +0 mace.
t - 3 potions of curing (gained 1)
There is an open door here.
Found a glaive.
You now have 1472 gold pieces (gained 18).
You open the door.
You hear the loud beating of a distant drum.
There is an open door here.
You open the door.
A death yak comes into view.
Found a staircase to the Lair.
There is an open door here.
A death yak comes into view.
There is an open door here. 2 death yaks come into view.
You open the door.
There is an open door here.
You open the door.
Found an escape hatch in the ceiling.
There is an open door here.
You open the door.
There is an open door here.
You open the door.
Found 7 gold pieces.
There is an open door here.
You now have 1479 gold pieces (gained 7).
You open the door.
Found 16 sling bullets.
There is an open door here.
There is an open door here.
You open the door.
There is an open door here.
You open the door.
Found 17 gold pieces.
There is an open door here.
You now have 1496 gold pieces (gained 17).
You open the door.
You hear the thunderous beating of a distant drum.
There is an open door here.
You open the door. You open the door.
There is an open door here.
Found a blackened brass ring.
K - a ring of willpower You're wearing all the rings you can.
Remove which one? (? for menu, Esc to cancel) > or
c - a +4 ring of protection; < or
y - a ring of resist corrosion You remove your ring of resist corrosion.
K - a ring of willpower (left hand) As you open the door, it creaks loudly!
There is an open door here.
There is an open door here.
You open the door.
Found a gate leading to a gauntlet.
There is an open door here.
An acid dragon comes into view.
There is a gate leading to a gauntlet here.
Beware, the minotaur awaits!
The world spins around you as you enter the gateway.
You enter a gauntlet!
The nature of this place prevents you from teleporting.
Found five items.
Found a gate leading back out of this place.
Found two transporters.
There is an empty arch of ancient stone here.
Unknown command.
Okay, then.
You start removing your amulet.
You continue taking off your amulet of reflection. x4
You finish taking off your amulet of reflection.
You start putting on your amulet.
You continue putting on your amulet of the acrobat. x5
You finish putting on your amulet of the acrobat.
You feel ready to tumble and roll out of harm's way.
w - an amulet of the acrobat (around neck)
Okay, then.
Press: ? - help, v - describe, . - travel, g - get item Item here: a glowing platinum amulet.
The floor.
Found a transporter.
Found a transporter.
Key pressed, stopping explore.
Key pressed, stopping explore.
Found a transporter.
Key pressed, stopping explore.
Found a gate leading back out of this place.
The death drake hisses angrily.
The ufetubus shouts! x2; You hear a shout!
Key pressed, stopping explore.
Found a transporter.
Key pressed, stopping explore.
Key pressed, stopping explore.
Key pressed, stopping explore.
Found a transporter.
The ufetubus shouts!
Found the +0 pair of fencer's gloves {Riposte Dex+3}.
Found a transporter.
The tengu conjurer shouts!
Key pressed, stopping explore.
Key pressed, stopping explore.
Found a transporter.
Key pressed, stopping explore.
Found a glowing rapier.
Found a transporter.
The shadow imp shouts!
Key pressed, stopping explore.
Key pressed, stopping explore.
The shadow imp spits at you.
Key pressed, stopping explore.
Key pressed, stopping explore.
Found a transporter.
Key pressed, stopping explore.
Key pressed, stopping explore.
Key pressed, stopping explore.
The golden eye turns its gaze towards you.
There is a transporter here.
Key pressed, stopping explore.
The eye of devastation turns its gaze towards you.
Key pressed, stopping explore.
The floating eye pulsates ominously.
Key pressed, stopping explore.
There is a transporter here.
The green death roars!
Key pressed, stopping explore.
Found a transporter.
Key pressed, stopping explore.
Key pressed, stopping explore.
Key pressed, stopping explore.
Key pressed, stopping explore.
Key pressed, stopping explore.
Key pressed, stopping explore.
Key pressed, stopping explore.
Key pressed, stopping explore.
Key pressed, stopping explore.
Found a pair of embroidered boots.
Key pressed, stopping explore.
Key pressed, stopping explore.
Key pressed, stopping explore.
Partly explored, unvisited transporter.
Partly explored, unvisited transporter.
Partly explored, unvisited transporter.
Partly explored, unvisited transporter.
Partly explored, unvisited transporter.
Partly explored, unvisited transporter.
Partly explored, unvisited transporter.
Partly explored, unvisited transporter.
Partly explored, unvisited transporter.
Partly explored, unvisited transporter.
Partly explored, unvisited transporter.
Partly explored, unvisited transporter.
Partly explored, unvisited transporter.
Partly explored, unvisited transporter.
Partly explored, unvisited transporter.
Partly explored, unvisited transporter.
Partly explored, unvisited transporter.
The shadow imp shouts!
The shadow imp shouts, "Slither home, thou feckless folly-fallen boar-pig!"
Press: ? - help, v - describe, . - travel, g - get item Item here: a pair of embroidered boots.
The floor.
Why would you want to do that?
Press: ? - help, v - describe, . - travel
Here: a spectral centaur warrior (fire blocked by a translucent stone wall)
The floor.
Okay, then.
Okay, then.
The eye of devastation turns its gaze towards you.
Why would you want to do that? Why would you want to do that?
The shadow imp shouts!
Why would you want to do that?
There is a transporter here.
Press: ? - help, v - describe, . - travel A translucent stone wall.
Unknown command.
Press: ? - help, v - describe, . - travel
Here: a golden eye (fire blocked by a translucent stone wall)
The floor.
Unknown command.
Unknown command.
Unknown command.
Unknown command.
Unknown command.
Unknown command.
You enter the transporter and appear at another place.
The golden eye blinks at you. You resist with almost no effort.
The golden eye pulsates ominously.
The golden eye blinks!
The golden eye blinks at you. You resist with almost no effort.
You see here 11 gold pieces.
The golden eye blinks at you.
You are confused.
There is a transporter here.
You feel better. The eye of devastation gazes at you.
The bolt of energy misses you.
You enter the transporter and appear at another place.
There is a transporter here.
You enter the transporter and appear at another place.
The shadow imp shouts, "Surrender, thou currish rude-growing wastrel!"
The soul eater draws from the surrounding life force!
The soul eater draws from the surrounding life force!
You see here a fuming emerald potion.
L - a fuming emerald potion You see here a +1 rapier of venom.
M - a +1 rapier of venom
There is a transporter here.
You enter the transporter and appear at another place.
There is a transporter here.
You enter the transporter and appear at another place.
You fade into invisibility!
You are very lightly contaminated with residual magic.
The tengu conjurer shouts!
The tengu warrior shouts!
You see here the +0 pair of fencer's gloves {Riposte Dex+3}.
N - the +0 pair of fencer's gloves {Riposte Dex+3} The tengu conjurer casts a spell.
The tengu conjurer blinks!
There is a transporter here.
Press: ? - help, v - describe, . - travel
Here: a tengu conjurer (black smoke, lava) Some lava.
Unknown command.
Unknown command.
Unknown command.
Unknown command.
You enter the transporter and appear at another place.
There is a transporter here.
You enter the transporter and appear at another place.
O - a +2 hat You flicker for a moment.
There is a transporter here.
P - a scroll of identify
There is a transporter here.
You enter the transporter and appear at another place.
You flicker back into view.
You start resting.
Your magical contamination has completely faded away.
Okay, then.
Unknown command.
HP restored.
A minotaur comes into view.
It is wielding a +3 glaive of venom and quivering silver javelins.
A minotaur is nearby!
A minotaur is nearby!
A minotaur is nearby!
Unknown command.
Casting: Freeze (safe; 1% risk of failure)
Confirm with . or Enter, or press ? or * to list all spells.
Aiming: Ensorcelled Hibernation (safe; 2% risk of failure)
Press: ? - help, Shift-Dir - straight line, f - minotaur
Aim: a minotaur, wielding a +3 glaive of venom, wearing a +0 chain mail, wearing an amulet of magic regeneration and quivering silver javelins (wandering, hasn't noticed you, chance to affect: 11%)
Okay, then.
Okay, then.
Okay, then.
Okay, then.
Okay, then.
Okay, then.
You start putting on your armour.
You continue putting on your +2 hat. x4
You finish putting on your +2 hat.
Char dumped successfully.
As you read the scroll of identify, it crumbles to dust.
p - 2 scrolls of blinking
Okay, then.
Okay, then.
Okay, then.
Okay, then.
Okay, then.
Casting: Ensorcelled Hibernation (safe; 2% risk of failure)
Confirm with . or Enter, or press ? or * to list all spells.
You feel a strong surge of power! A film of ice covers your body!
Your icy armour cracks and falls away as you move.
Casting: Ozocubu's Armour (safe; 1% risk of failure)
Confirm with . or Enter, or press ? or * to list all spells.
The spell is quite dangerous to cast (17% risk of failure)!
Continue anyway?
You feel a strong surge of power! A chill wind blows around you.
Casting: Summon Ice Beast (quite dangerous; 17% risk of failure)
Confirm with . or Enter, or press ? or * to list all spells.
The spell is quite dangerous to cast (17% risk of failure)!
Continue anyway?
You feel a strong surge of power! A chill wind blows around you.
What are your orders? t - Shout!
Orders for allies: a - Attack new target. r - Retreat! s - Stop attacking. g - Guard the area. f - Follow me.
Anything else - Cancel.
You shout for attention!
What are your orders? t - Shout!
Orders for allies: a - Attack new target. r - Retreat! s - Stop attacking. g - Guard the area. f - Follow me.
Anything else - Cancel.
You shout for attention!
The minotaur bellows!
The minotaur throws a silver javelin.
The silver javelin misses you.
You swap places.
You swap places.
What are your orders? t - Shout!
Orders for allies: a - Attack new target. r - Retreat! s - Stop attacking. g - Guard the area. f - Follow me.
Anything else - Cancel.
Gang up on whom?
Press: ? - help, Dir - move target, f - minotaur
Aim: a minotaur, wielding a +3 glaive of venom, wearing a +0 chain mail, wearing an amulet of magic regeneration and quivering silver javelins Attack!
The minotaur throws a silver javelin.
The silver javelin closely misses your ice beast.
The silver javelin closely misses you.
Your ice beast hits the minotaur but does no damage. x2
The minotaur hits your ice beast with a +3 glaive of venom!!
Your ice beast is poisoned.
The minotaur gores your ice beast.
Casting: Summon Ice Beast (quite dangerous; 17% risk of failure)
Confirm with . or Enter, or press ? or * to list all spells.
You feel a strong surge of power! A film of ice covers your body!
Your ice beast hits the minotaur.
Your ice beast freezes the minotaur!
Your ice beast hits the minotaur but does no damage.
The minotaur hits your ice beast but does no damage.
Your ice beast looks as sick as possible!
The minotaur gores your ice beast!
Your ice beast dies!
Your ice beast barely misses the minotaur.
The minotaur furiously retaliates!
The minotaur headbutts your ice beast, but does no damage.
Casting: Ozocubu's Armour (safe; 1% risk of failure)
Confirm with . or Enter, or press ? or * to list all spells.
Casting: Frozen Ramparts (safe; 1% risk of failure)
Press: ? - help, Dir - look around, f - activate You feel a strong surge of power!
The walls around you are covered in ice.
* * * LOW MAGIC WARNING * * *
Your ice beast hits the minotaur.
Your ice beast freezes the minotaur!
The wall freezes the minotaur!
The minotaur hits you from afar with a +3 glaive of venom!!
Ouch! That really hurt!
* * * LOW HITPOINT WARNING * * *
You are lethally poisoned!
Your icy armour and frozen ramparts will break if you move.
Continue?
Your icy armour cracks and falls away as you move.
The frozen ramparts melt away as you move.
Ouch! That really hurt!
You die...
Your body crumbles into a pile of gold.

.^#.#..### .#.$#..#####
#k.[#..#≈8≈#
...©#..#.§.#
#Z.?#..#.8.#
.#.?#..#...#
.^#Z#..#.8.#
Z.Z##..#...# ##########
#####..#...# #.@......#
......≈#.©.####.######.#
......∩#......#.#$ #.#
......≈#.©.##.#H####.#.#
#####..#...##.#Y....H#.#
3...#..#...##.########.#
..#.#..#.8.##..........#
##..#..#...#############
##..#..#.8.#


You could see a minotaur (ally target) and a friendly ice beast (summoned).

Vanquished Creatures
  3 two-headed ogres (D:10)
  A manticore (D:11)
  A gargoyle (D:11)
  A troll (D:11)
  A wraith (D:10)
  6 yaks (D:8)
  2 wyverns (D:9)
  A steam dragon (D:8)
  Edmund (D:5)
  A water moccasin (D:7)
  3 black bears
  6 orc warriors
  5 necrophages (D:8)
  An ogre (D:7)
  A phantom (D:4)
  3 kobold brigands
  4 centaurs
  2 bullfrogs
  A wyvern zombie (D:7)
  2 gnoll sergeants (D:9)
  A scorpion (D:5)
  4 killer bees (D:9)
  11 wights
  3 howler monkeys (D:10)
  5 centaur zombies
  2 hounds (D:7)
  3 jellies
  10 orc priests
  Ijyb (D:5)
  3 iguanas
  14 orc wizards
  A worker ant (D:5)
  2 killer bee zombies (D:8)
  A hound skeleton (D:4)
  5 mummies
  A howler monkey zombie (D:9)
  11 gnolls
  6 adders
  3 howler monkey skeletons
  2 worms
  4 dart slugs (D:1)
  54 orcs
  8 ball pythons
  3 endoplasms
  4 giant cockroaches
  6 hobgoblins
  11 jackals
  35 kobolds
  7 quokkas
  3 frilled lizards
  6 goblins
  7 rats
283 creatures vanquished.

Vanquished Creatures (collateral kills)
  2 orcs (Bailey)
2 creatures vanquished.

Vanquished Creatures (others)
  37 plants
  3 withered plants
40 creatures vanquished.

Grand Total: 325 creatures vanquished

Notes
Turn   | Place    | Note
-------+----------+-------------------------------------------
     0 | D:1      | sleeves the Spriggan Ice Elementalist began the quest for
                  | the Orb.
     0 | D:1      | Reached XP level 1. HP: 9/9 MP: 5/5
   318 | D:1      | Reached XP level 2. HP: 12/13 MP: 0/6
   808 | D:1      | Reached XP level 3. HP: 16/16 MP: 6/8
   930 | D:1      | Reached skill level 4 in Stealth
  1190 | D:1      | Reached skill level 4 in Ice Magic
  1340 | D:1      | Learned a level 3 spell: Frozen Ramparts
  1354 | D:2      | Found an ancient bone altar of Kikubaaqudgha.
  1355 | D:2      | Noticed a phantom
  1542 | D:2      | Found a sacrificial altar of Ru.
  1669 | D:2      | Found Vyucaibb's Assorted Antiques.
  1718 | D:2      | Found Wimuin's Magic Scroll Shop.
  1736 | D:2      | Bought a scroll of identify for 20 gold pieces
  1894 | D:2      | Found Vedghupp's Weapon Boutique.
  2132 | D:3      | Reached XP level 4. HP: 21/21 MP: 4/9
  2137 | D:3      | Reached skill level 5 in Stealth
  2229 | D:3      | Learned a level 3 spell: Ozocubu's Armour
  2355 | D:3      | You fall into a shaft and drop 1 floor!
  2380 | D:4      | HP: 7/21 [orc priest/divine providence (14)]
  2387 | D:4      | Reached XP level 5. HP: 9/24 MP: 6/10
  2673 | D:4      | Reached skill level 5 in Ice Magic
  2969 | D:4      | Reached skill level 6 in Stealth
  2997 | D:4      | Noticed a phantom
  3145 | D:4      | HP: 12/24 [phantom (2)]
  3183 | D:4      | Killed a phantom
  3184 | D:4      | Reached XP level 6. HP: 17/28 MP: 1/11
  3404 | D:4      | Found an ornate altar of the Wu Jian Council.
  3689 | D:3      | Found a transporter.
  3693 | D:3      | Noticed rageheart7's ghost (amateur DjMo)
  3924 | D:3      | Found a transporter.
  4008 | D:3      | Found a sparkling altar of Nemelex Xobeh.
  4691 | D:4      | Reached skill level 7 in Stealth
  4691 | D:4      | Reached skill level 6 in Ice Magic
  5017 | D:5      | Entered Level 5 of the Dungeon
  5050 | D:5      | HP: 14/28 [wyvern skeleton (6)]
  5329 | D:5      | Noticed Grinder
  5330 | D:5      | Noticed Ijyb
  5481 | D:5      | Reached XP level 7. HP: 32/32 MP: 8/12
  5863 | D:5      | Reached skill level 8 in Stealth
  5954 | D:5      | Noticed Edmund
  6058 | D:5      | Reached skill level 7 in Ice Magic
  6176 | D:5      | Found a runed translucent gate.
  6177 | D:5      | Found a runed translucent gate.
  6177 | D:5      | Noticed Maimakterion's ghost (novice DsFi)
  6178 | D:5      | Found a runed translucent gate.
  6302 | D:5      | Found an opulent altar of Gozag.
  6303 | D:5      | Found Gozag's Platinum Reserve.
  6439 | D:5      | Killed Ijyb
  6440 | D:5      | Reached XP level 8. HP: 32/36 MP: 5/13
  6592 | D:5      | Became a worshipper of Gozag Ym Sagoz the Greedy
  6709 | D:5      | Killed Edmund
  6710 | D:5      | Reached skill level 9 in Stealth
  7100 | D:6      | Found a staircase to the Ecumenical Temple.
  7314 | D:6      | Learned a level 2 spell: Ensorcelled Hibernation
  7727 | D:7      | Found an iron altar of Okawaru.
  7943 | D:7      | Reached skill level 8 in Ice Magic
  8028 | D:7      | Reached skill level 10 in Stealth
  8266 | D:7      | Reached skill level 3 in Dodging
  8534 | D:7      | Reached skill level 1 in Fighting
  8803 | D:7      | Reached skill level 1 in Long Blades
  8983 | D:8      | Reached XP level 9. HP: 41/41 MP: 9/14
  9206 | D:8      | Reached skill level 4 in Dodging
  9321 | D:8      | Reached skill level 2 in Fighting
  9321 | D:8      | Reached skill level 2 in Long Blades
  9326 | D:8      | Reached skill level 11 in Stealth
  9327 | D:8      | Reached skill level 5 in Dodging
  9683 | D:8      | HP: 19/43 [wight/+3 great sword (8)]
 10037 | D:8      | HP: 17/43 [something] (7)]
 10296 | D:8      | Reached skill level 3 in Fighting
 10303 | D:8      | Reached skill level 3 in Long Blades
 10303 | D:8      | Reached skill level 9 in Ice Magic
 10336 | D:8      | HP: 22/44 [wight/+3 great sword (17)]
 10622 | D:8      | Reached skill level 6 in Dodging
 10882 | D:8      | Reached XP level 10. HP: 34/49 MP: 12/15
 10902 | D:8      | HP: 21/47 [wight/+4 morningstar (4)]
 11279 | D:8      | Noticed Gastronok
 11731 | D:8      | Learned a level 4 spell: Summon Ice Beast
 12166 | D:9      | Reached skill level 12 in Stealth
 12264 | D:9      | Found a flagged portal.
 12273 | Bailey   | Entered a bailey
 12316 | Bailey   | HP: 22/49 [orc/+0 trident (10)]
 12756 | D:9      | Found Oreotasoog's Weapon Shop.
 12973 | D:9      | Found Odyamax's Magic Scroll Emporium.
 13155 | D:9      | Found a staircase to the Orcish Mines.
 13294 | D:10     | Entered Level 10 of the Dungeon
 13366 | D:10     | HP: 21/49 [orc warrior/+0 hand axe (8)]
 13368 | D:10     | Reached skill level 1 in Shields
 13410 | D:10     | Reached skill level 2 in Shields
 13612 | D:10     | Found a bloodstained altar of Trog.
 13687 | D:10     | Noticed a two-headed ogre
 13692 | D:10     | Killed a two-headed ogre
 13782 | D:10     | Noticed a two-headed ogre
 13791 | D:10     | Killed a two-headed ogre
 13792 | D:10     | Reached skill level 3 in Shields
 13792 | D:10     | Reached skill level 10 in Ice Magic
 13819 | D:10     | Noticed a two-headed ogre
 13823 | D:10     | Killed a two-headed ogre
 13886 | D:10     | Reached XP level 11. HP: 53/53 MP: 13/16
 14141 | D:10     | Reached skill level 4 in Shields
 14540 | D:11     | Noticed a two-headed ogre
 14770 | D:11     | Found a staircase to the Lair.
 14770 | D:11     | Noticed a death yak
 14773 | D:11     | Noticed a death yak
 14774 | D:11     | Noticed a death yak
 14774 | D:11     | Noticed a death yak
 14880 | D:11     | Found a gate leading to a gauntlet.
 14887 | Gauntlet | Entered a Gauntlet
 14887 | Gauntlet | Found a transporter.
 14887 | Gauntlet | Found a transporter.
 14898 | Gauntlet | Found a transporter.
 14901 | Gauntlet | Found a transporter.
 14908 | Gauntlet | Noticed a sixfirhy
 14909 | Gauntlet | Noticed a death drake
 14911 | Gauntlet | Found a transporter.
 14917 | Gauntlet | Found a transporter.
 14924 | Gauntlet | Found a transporter.
 14929 | Gauntlet | Found the +0 pair of fencer's gloves {Riposte Dex+3}
 14932 | Gauntlet | Found a transporter.
 14945 | Gauntlet | Noticed a tengu warrior
 14949 | Gauntlet | Found a transporter.
 14957 | Gauntlet | Found a transporter.
 14961 | Gauntlet | Noticed a soul eater
 14976 | Gauntlet | Found a transporter.
 14994 | Gauntlet | Noticed a green death
 15011 | Gauntlet | Found a transporter.
 15235 | Gauntlet | Noticed a minotaur
 15283 | Gauntlet | HP: 22/53 [minotaur/+3 glaive of venom (31)]
 15284 | Gauntlet | Succumbed to a minotaur's poison

Illustrated notes

Levels and vault maps discovered:
D:1:      psy_arrival_conway, layout_basic
D:2:      layout_basic, kiku_gazebo_garden_becter, lemuel_crystal_altar,
          serial_shops, shop, nicolae_shop_behind_doors, shop_statue
D:3:      layout_rooms, nemelex_altar_shiori, gammafunk_ghost_arena
D:4:      kennysheep_kobold_camp, layout_basic, general_overflow_altar,
          serial_rivers, chequers_serial_rivers_small_a,
          chequers_serial_rivers_micro_a, chequers_serial_rivers_large_b,
          chequers_serial_rivers_room_a, chequers_serial_rivers_large_a,
          minmay_misc_feat_rows
D:5:      layout_loops_ring, nicolae_gozag_zags_fifth_avenue,
          gammafunk_ghost_split, chequers_serial_rivers_marsh, uniq_grinder,
          uniq_edmund, uniq_ijyb
D:6:      layout_loops_ring, marbit_many_paths,
          gammafunk_temple_overflow_forgotten, minmay_temple_entry_from_below_a,
          grunt_ministairs_8
D:7:      layout_gridville, okawaru_altar_gauntlet_db
D:8:      layout_cave_pods, serial_undead, serial_undead_b, serial_undead_a,
          serial_undead_c, serial_undead_a, serial_undead_a, serial_undead_a,
          serial_undead_e, serial_undead_c, uniq_gastronok
D:9:      layout_loops_ring, orc_0_dummy, serial_shops, shop, shop,
          enter_bailey_6
D:10:     layout_long_grid, special_room [special_room_orc], basic_altar,
          grunt_ministairs_9
D:11:     layout_gridville, dpeg_lair_monsters, gauntlet_entry_generic,
          uniq_harold
Gauntlet: gammafunk_gauntlet_shortcut [gammafunk_gauntlet_arena_spirals,
          nicolae_gauntlet_arena_x, nicolae_gauntlet_arena_quarters,
          gammafunk_gauntlet_arena_split_x, nicolae_gauntlet_arena_flowing_pool,
          nicolae_gauntlet_arena_blocks, gauntlet_exit_spiral]

Skill      XL: |  1  2  3  4  5  6  7  8  9 10 11 |
---------------+----------------------------------+-----
Stealth        | 4 5 6 7 8 10 11 12 | 12.2
Ice Magic      | 4 5 6 7 8 9 10 | 10.4
Dodging        | 3 6 |  6.8
Fighting       | 1 3 |  3.6
Long Blades    | 1 3 |  3.7
Shields        | 3 4 |  4.5
Short Blades   | |  0.4
Spellcasting   | |  2.6

Action                   |  1- 3 |  4- 6 |  7- 9 | 10-12 || total
-------------------------+-------+-------+-------+-------++-------
Melee: Short sword       |    28 |       |       |       ||    28
       Dagger            |       |    55 |    37 |     7 ||    99
       Staff             |       |    24 |    22 |    51 ||    97
       Falchion          |       |       |    26 |       ||    26
       Scimitar          |       |       |    72 |    66 ||   138
 Cast: Freeze            |    54 |    78 |    99 |    64 ||   295
       Frozen Ramparts   |     1 |    12 |    30 |    15 ||    58
       Ozocubu's Armour  |       |       |    15 |    16 ||    31
       Summon Ice Beast  |       |       |       |     3 ||     3
Evoke: Wand              |       |       |    22 |     1 ||    23
  Use: Scroll            |     2 |       |     5 |     3 ||    10
       Potion            |       |     1 |       |     2 ||     3
 Stab: Sleeping          |     3 |     8 |     9 |     6 ||    26
       Confused          |       |       |     1 |       ||     1
       Distracted        |       |       |       |     3 ||     3
       Petrified         |       |       |       |     1 ||     1
Armor: Robe              |     5 |    24 |    77 |    51 ||   157
Dodge: Dodged            |    55 |   107 |   271 |   253 ||   686
Block: Other             |       |       |    14 |    60 ||    74
       Rpst.: Falchion   |       |       |     6 |       ||     6
       Scimitar          |       |       |    27 |    22 ||    49

Table legend: (Time is in decaauts)
 A = Elapsed time spent in this place.
 B = Non-inter-level travel time spent in this place.
 C = Inter-level travel time spent in this place.
 D = Time resting spent in this place.
 E = Time spent auto-exploring this place.
 F = Levels seen in this place.
 G = Mean time per level.
                   A        B        C        D        E       F      G
               +--------+--------+--------+--------+--------+-----+--------+
         Total |  12221 |  11906 |    315 |   1783 |   7101 |  13 |  940.1 |
       Dungeon |  11920 |  11605 |    315 |   1776 |   6962 |  11 | 1083.6 |
        Bailey |     40 |     40 |      0 |      0 |     21 |   1 |   40.0 |
      Gauntlet |    259 |    259 |      0 |      7 |    118 |   1 |  259.0 |
               +--------+--------+--------+--------+--------+-----+--------+

Top non-repeatable levels by time:
     D:4: 2248 daAuts
     D:8: 2086 daAuts
     D:7: 1720 daAuts
     D:5: 1148 daAuts
     D:1: 1116 daAuts
    D:10: 981 daAuts
     D:9: 878 daAuts
     D:2: 497 daAuts
     D:3: 479 daAuts
     D:6: 476 daAuts
    D:11: 287 daAuts
Gauntlet: 259 daAuts
  Bailey: 40 daAuts
